 Dungeon Crawl Stone Soup version 0.30-a0-371-gad7725a93e (webtiles) character file.

Game seed: 9946250661582722580

3474 Lobster4 the Skirmisher (level 9, -3/72 HPs)
             Began as a Minotaur Hunter on Nov 23, 2022.
             Was a Believer of Hepliaklqana.
             Slain by a hellwing (4 damage)
             ... on level 2 of the Abyss.
             The game lasted 00:25:52 (9055 turns).

Lobster4 the Skirmisher (Minotaur Hunter)           Turns: 9055, Time: 00:25:53

Health: -3/72      AC:  9    Str: 16    XL:     9   Next: 79%
Magic:  20/20      EV: 13    Int: 12    God:    Hepliaklqana [**....]
Gold:   519        SH:  0    Dex: 18    Spells: 10/12 levels left

rFire   . . .      SeeInvis .    b - +2 dagger (venom)
rCold   . . .      Faith    .    (no shield)
rNeg    . . .      Spirit   .    s - +0 steam dragon scales
rPois   .          Reflect  .    (helmet restricted)
rElec   .          Harm     .    (no cloak)
rCorr   .          Rampage  .    (no gloves)
Will    .....                    n - +2 pair of boots
Stlth   ++........               (no amulet)
HPRegen 0.32/turn                m - +6 ring of intelligence
MPRegen 0.17/turn                E - ring of magical power

@: no status effects
A: reduced essence, horns 2, retaliatory headbutt
a: Renounce Religion, Recall Ancestor, Ancestor Identity


You were on level 2 of the Abyss.
You worshipped Hepliaklqana.
Hepliaklqana was pleased with you.
You visited 2 branches of the dungeon, and saw 9 of its levels.
You visited the Abyss 1 time.

You collected 571 gold pieces.
You spent 52 gold pieces at shops.

Inventory:

Hand Weapons
 a - a +1 shortbow
 b - a +2 dagger of venom (weapon)
 o - a +0 dagger of flaming
 x - a +1 dagger of holy wrath
 y - a +2 flail of protection
Missiles
 e - 11 poisoned darts
 f - 2 atropa-tipped darts
 h - 2 boomerangs
 p - 7 curare-tipped darts
Armour
 n - a +2 pair of boots (worn)
 s - +0 steam dragon scales (worn)
Jewellery
 m - a +6 ring of intelligence (left hand)
 E - a ring of magical power (right hand)
 G - the Hermit's Pendant {Faith Invo=14 Evo=0 MP+5}
   (You found it on level 7 of the Dungeon)

   [amulet of faith]

   It sets your invocations skill to 14 and your evocations skill to 0.
   It allows you to gain divine favour quickly.
   MP:        It affects your magic capacity (+5).
Wands
 g - a wand of digging (4)
 u - a wand of flame (32)
 v - a wand of polymorph (9)
 z - a wand of charming (9)
 C - a wand of roots (7)
 D - a wand of light (5)
Scrolls
 d - 4 scrolls of teleportation
 i - 3 scrolls of immolation
Potions
 c - a potion of berserk rage {unknown}
 j - 2 potions of brilliance
 k - 2 potions of flight {unknown}
 l - 2 potions of cancellation
 q - 2 potions of haste
 r - 2 potions of heal wounds
 t - 7 potions of curing
 w - 2 potions of lignification
 F - a potion of resistance


   Skills:
 + Level 7.8 Fighting
 - Level 1.0 Short Blades
 * Level 10.5 Ranged Weapons
 - Level 1.0 Throwing
 - Level 6.0 Armour
 - Level 3.0 Dodging
 - Level 1.0 Stealth
 + Level 2.4 Spellcasting
 + Level 2.5 Translocations
 + Level 1.9 Invocations
 - Level 3.0 Evocations


You had 10 spell levels left.
You knew the following spells:

 Your Spells              Type           Power      Damage    Failure   Level
a - Blink                 Tloc           14%        N/A       14%         2

Your spell library contained the following spells:

 Spells                   Type           Power      Damage    Failure   Level
 Apportation              Tloc           14%        N/A       9%          1
 Momentum Strike          Conj/Tloc      8%         3d8       24%         2
 Lesser Beckoning         Tloc           14%        N/A       26%         3
 Summon Guardian Golem    Hex/Summ       1%         N/A       61%         3
 Tukima's Dance           Hex            1%         N/A       61%         3
 Passage of Golubria      Tloc           7%         N/A       65%         4
 Anguish                  Hex/Necr       0%         N/A       95%         4
 Alistair's Intoxication  Tmut/Pois      0%         N/A       100%        5
 Fireball                 Conj/Fire      0%         3d3       100%        5
 Yara's Violent Unravell  Hex/Tmut       0%         3d3       100%        5
 Enfeeble                 Hex            0%         N/A       100%        7
 Orb of Destruction       Conj           0%         9d5       100%        7
 Spellforged Servitor     Conj/Summ      0%         N/A       100%        7
 Summon Hydra             Summ           0%         N/A       100%        7


Dungeon Overview and Level Annotations

Branches:
Dungeon (8/15)             Temple (1/1) D:6            Lair (0/5) D:8

Altars:
Ashenzari
Cheibriados
Dithmenos
Elyvilon
Gozag
Hepliaklqana
Kikubaaqudgha
Makhleb
Okawaru
Qazlal
Ru
Sif Muna
Trog
Uskayaw
Vehumet
Xom
Yredelemnul
Zin
The Shining One

Shops:
D:5 !

Annotations:
D:3 3 runed translucent doors, exclusion: hobgoblin, Darkkill's ghost, amateur MiHu; Grinder
D:8 Psyche


Innate Abilities, Weirdness & Mutations

Your life essence is reduced to manifest your ancestor. (-10% HP)
You have a pair of horns on your head.
You reflexively headbutt those who attack you in melee.


Message History

The hellwing hits you! The hellwing closely misses you.
The hellwing misses you.
The hellwing hits you but does no damage.
The hellwing hits Xiuhtonal!
Xiuhtonal blocks the hellwing's attack.
The hellwing hits you!
The hellwing hits you but does no damage.
You are too injured to fight recklessly!
You are too injured to fight recklessly!
You are too injured to fight recklessly!
You are too injured to fight recklessly!
You closely miss the hellwing.
Xiuhtonal closely misses the hellwing.
Xiuhtonal blocks the hellwing's attack. x2; The hellwing closely misses you.
The hellwing barely misses you. The hellwing closely misses you.
You furiously retaliate!
You headbutt the hellwing, but do no damage.
The hellwing hits you.
* * * LOW HITPOINT WARNING * * *
The hellwing hits Xiuhtonal.
The hellwing hits Xiuhtonal but does no damage.
The hellwing hits you but does no damage. x2
You closely miss the hellwing.
Xiuhtonal hits the hellwing with a +0 flail!
You closely miss the hellwing.
You headbutt the hellwing, but do no damage.
Xiuhtonal blocks the hellwing's attack. x2; The hellwing hits you.
* * * LOW HITPOINT WARNING * * *
The hellwing barely misses you.
The hellwing hits Xiuhtonal.
The hellwing hits Xiuhtonal but does no damage.
The hellwing closely misses you. x2; The hellwing barely misses you.
You furiously retaliate!
You headbutt the hellwing.
The hellwing hits you but does no damage.
Xiuhtonal hits the hellwing with a +0 flail!
You hit the hellwing but do no damage. The hellwing hits you.
* * * LOW HITPOINT WARNING * * *
The hellwing barely misses you. The hellwing hits you!
* * * LOW HITPOINT WARNING * * *
The hellwing hits you but does no damage.
The hellwing closely misses you. You furiously retaliate!
You headbutt the hellwing. The hellwing hits you.
You die...

.... .. ... ..
. ♣
♣..#.#~.... .
....#. #..
♣...# ..
####...# ...
#...44##~..#.#
.#.@.~...#.
#....4R....# #
#..#..44##.# #
#. . #.
#....... . .
.. #
.......... ##
. ..####.#.##
. .. .# ..#.#
#.# #. ..... .
.. #. ... #


You could see the friendly Xiuhtonal the knight and 5 hellwings.

Vanquished Creatures
  Maggie (D:7)
  Sigmund (D:2)
  A steam dragon (D:8)
  A vampire mosquito (D:7)
  2 water moccasins
  2 ice beasts
  An orc warrior (D:5)
  2 sky beasts (D:6)
  An ogre (D:4)
  A black bear (D:4)
  A bullfrog (D:6)
  A necrophage (D:5)
  2 scorpions
  2 gnoll sergeants (D:6)
  2 howler monkeys
  3 jellies
  A gnoll bouda (D:5)
  3 orc priests
  6 hounds
  Ijyb (D:3)
  Jessica (D:2)
  Terence (D:3)
  8 iguanas
  3 orc wizards (D:5)
  15 gnolls
  10 adders
  A shadow imp (D:6)
  3 white imps
  2 ufetubi (D:5)
  3 worms
  A dart slug (D:1)
  9 orcs
  3 ball pythons
  5 endoplasms
  8 giant cockroaches
  9 goblins
  7 hobgoblins
  12 kobolds
  2 quokkas
  7 bats
  10 rats
155 creatures vanquished.

Vanquished Creatures (collateral kills)
  A wyvern (D:8)
  A water moccasin (D:8)
  A kobold brigand (D:8)
  A hound (D:7)
  A white imp (D:8)
  5 kobolds (D:8)
10 creatures vanquished.

Vanquished Creatures (others)
  An endoplasm (D:4)
  8 toadstools (D:8)
9 creatures vanquished.

Grand Total: 174 creatures vanquished

Notes
Turn   | Place    | Note
-------+----------+-------------------------------------------
     0 | D:1      | Lobster4 the Minotaur Hunter began the quest for the Orb.
     0 | D:1      | Reached XP level 1. HP: 18/18 MP: 0/0
   167 | D:1      | Reached skill level 1 in Stealth
   205 | D:1      | Reached XP level 2. HP: 24/25 MP: 1/1
   625 | D:2      | Reached skill level 1 in Armour
   677 | D:2      | Reached XP level 3. HP: 30/30 MP: 2/2
   713 | D:2      | Noticed Jessica
   716 | D:2      | Killed Jessica
   717 | D:2      | Reached skill level 1 in Short Blades
   717 | D:2      | Reached skill level 5 in Ranged Weapons
   748 | D:2      | Reached XP level 4. HP: 38/38 MP: 3/3
   939 | D:2      | Found a glowing golden altar of the Shining One.
  1016 | D:2      | Noticed Sigmund
  1048 | D:2      | Killed Sigmund
  1049 | D:2      | Reached skill level 6 in Ranged Weapons
  1049 | D:2      | Reached XP level 5. HP: 41/46 MP: 4/4
  1204 | D:2      | Found a faded altar of an unknown god.
  1240 | D:2      | Learned a level 2 spell: Blink
  1300 | D:3      | Noticed Grinder
  1375 | D:3      | Noticed Terence
  1379 | D:3      | Found a runed translucent gate.
  1380 | D:3      | Found a runed translucent gate.
  1380 | D:3      | Noticed a sky beast
  1381 | D:3      | Found a runed translucent gate.
  1383 | D:3      | Noticed Darkkill's ghost (amateur MiHu)
  1405 | D:3      | Reached XP level 6. HP: 47/52 MP: 5/5
  1423 | D:3      | Noticed Ijyb
  1559 | D:3      | Killed Ijyb
  1566 | D:3      | Killed Terence
  2493 | D:4      | Reached skill level 1 in Throwing
  3123 | D:4      | Reached skill level 1 in Evocations
  3123 | D:4      | Reached XP level 7. HP: 60/60 MP: 5/7
  3290 | D:4      | Reached skill level 1 in Translocations
  3354 | D:4      | Reached skill level 1 in Spellcasting
  4018 | D:5      | Entered Level 5 of the Dungeon
  4151 | D:5      | Found a glowing silver altar of Zin.
  4175 | D:5      | Reached skill level 7 in Ranged Weapons
  4259 | D:5      | Reached skill level 5 in Fighting
  4429 | D:5      | Found a snail-covered altar of Cheibriados.
  4460 | D:5      | Reached XP level 8. HP: 21/68 MP: 9/9
  4921 | D:5      | Found Paoqaxaa's Distillery.
  4927 | D:5      | Bought a potion of degeneration for 13 gold pieces
  4930 | D:5      | Bought a potion of lignification for 39 gold pieces
  5436 | D:5      | Found a burning altar of Makhleb.
  6093 | D:6      | Reached skill level 8 in Ranged Weapons
  6142 | D:6      | Reached skill level 5 in Armour
  6208 | D:6      | Found a staircase to the Ecumenical Temple.
  6218 | Temple   | Entered the Ecumenical Temple
  6385 | Temple   | Became a worshipper of Hepliaklqana the Forgotten
  6986 | D:6      | Reached XP level 9. HP: 66/78 MP: 11/11
  7206 | D:6      | Reached skill level 9 in Ranged Weapons
  7517 | D:7      | Noticed Maggie
  7537 | D:7      | Killed Maggie
  7802 | D:7      | Reached * piety under Hepliaklqana
  7884 | D:7      | Reached skill level 10 in Ranged Weapons
  7965 | D:7      | Got Sif Muna's Writings on Friendly Fire
  8038 | D:7      | Found a glowing silver altar of Zin.
  8380 | D:7      | Found a faded altar of an unknown god.
  8380 | D:7      | Found the Hermit's Pendant {Faith Invo=14 Evo=0 MP+5}
  8630 | D:8      | Reached skill level 1 in Invocations
  8762 | D:8      | Found a bloodstained altar of Trog.
  8789 | D:8      | Found a stormy altar of Qazlal.
  8827 | D:8      | Found a staircase to the Lair.
  8986 | D:8      | Noticed Psyche
  8995 | Abyss:2  | Cast into level 2 of the Abyss (Psyche)
  9002 | Abyss:2  | Reached ** piety under Hepliaklqana
  9004 | Abyss:2  | Remembered your ancestor Xiuhtonal as a knight
  9040 | Abyss:2  | Noticed a hellwing
  9043 | Abyss:2  | Noticed a hellwing
  9043 | Abyss:2  | Noticed a hellwing
  9043 | Abyss:2  | Noticed a hellwing
  9044 | Abyss:2  | Noticed a hellwing
  9055 | Abyss:2  | HP: 1/72 [hellwing (8)]
  9055 | Abyss:2  | Slain by a hellwing

Illustrated notes

Levels and vault maps discovered:
D:1:      spicycebolla_arrival_xxxplode, layout_basic, minmay_misc_feat_rows,
          hex_tiny
D:2:      layout_rooms, shapermc_ecumenical_altar_ellora, basic_altar,
          roderic_serpentine_path, grunt_decor_clamped, uniq_sigmund,
          uniq_jessica
D:3:      layout_basic, gammafunk_ghost_split, uniq_terence, uniq_ijyb,
          uniq_grinder
D:4:      layout_layer_cave, lemuel_flame_loot_1
D:5:      layout_basic, mainiacjoe_overflow_brackets, serial_shops, shop,
          hangedman_feature_mirror, minmay_increasing_density
D:6:      layout_cave_pools, minmay_temple_entry_offerings, grunt_decor_fettered
D:7:      layout_loops_ring, mainiacjoe_overflow_paths, minivault_24,
          palyth_stone_intersect, nicolae_zen_rock_garden,
          kennysheep_nondescript, hellmonk_guarded_unrand_hermit, uniq_maggie
D:8:      cheibrodos_fertilizer, layout_loops_cross,
          mainiacjoe_overflow_divided_tiny, lemuel_coloured_pillars_altar,
          mainiacjoe_overflow_concentric_impassable, enter_bailey_3, uniq_psyche
Temple:   hellmonk_temple_forest_ring
Abyss:2:  base:
D:7

Skill      XL: |  1  2  3  4  5  6  7  8  9 |
---------------+----------------------------+-----
Stealth        | 1 |  1.0
Armour         | 1 2 3 4 5 6 |  6.0
Fighting       | 3 4 5 6 7 |  7.8
Short Blades   | 1 |  1.0
Ranged Weapons | 5 6 7 8 10 | 10.5
Dodging        | 3 |  3.0
Throwing       | 1 |  1.0
Evocations     | 1 2 3 |  3.0
Translocations | 1 2 |  2.5
Spellcasting   | 1 2 |  2.4
Invocations    | 1 |  1.9

Action                   |  1- 3 |  4- 6 |  7- 9 || total
-------------------------+-------+-------+-------++-------
Melee: Dagger            |       |    22 |   112 ||   134
       Headbutt          |       |     5 |    32 ||    37
       Flail             |       |       |    14 ||    14
       Punch             |       |       |     2 ||     2
 Fire: Shortbow          |    60 |   159 |   280 ||   499
Invok: Recall Ancestor   |       |       |     1 ||     1
       Ancestor Life: Kn |       |       |     1 ||     1
Evoke: Wand              |       |       |     4 ||     4
  Use: Scroll            |       |     6 |    11 ||    17
       Potion            |       |     2 |     4 ||     6
 Stab: Invisible         |       |       |     3 ||     3
Armor: Leather armour    |     2 |     7 |    51 ||    60
       Skin              |       |     4 |       ||     4
       Steam dragon scal |       |       |    24 ||    24
Dodge: Dodged            |    13 |    45 |   138 ||   196

Table legend: (Time is in decaauts)
 A = Elapsed time spent in this place.
 B = Non-inter-level travel time spent in this place.
 C = Inter-level travel time spent in this place.
 D = Time resting spent in this place.
 E = Time spent auto-exploring this place.
 F = Levels seen in this place.
 G = Mean time per level.
                   A        B        C        D        E       F      G
               +--------+--------+--------+--------+--------+-----+--------+
         Total |   9090 |   8515 |    575 |   1520 |   5333 |  10 |  909.0 |
       Dungeon |   8856 |   8308 |    548 |   1520 |   5163 |   8 | 1107.0 |
        Temple |    175 |    148 |     27 |      0 |    136 |   1 |  175.0 |
         Abyss |     58 |     58 |      0 |      0 |     34 |   1 |   58.0 |
               +--------+--------+--------+--------+--------+-----+--------+

Top non-repeatable levels by time:
     D:4: 2011 daAuts
     D:5: 1631 daAuts
     D:6: 1346 daAuts
     D:7: 1090 daAuts
     D:3: 1069 daAuts
     D:2: 671 daAuts
     D:1: 637 daAuts
     D:8: 398 daAuts
  Temple: 175 daAuts
 Abyss:2: 58 daAuts
